 Dungeon Crawl Stone Soup version 0.30.1 (webtiles) character file.

Game seed: 5538175590570116859

116 NomeN the Insei (level 4, -1/35 HPs)
             Began as a Draconian Transmuter on July 4, 2023.
             Slain by a goblin
             ... wielding a +0 dagger
             ... led by Robin
              (3 damage)
             ... on level 3 of the Dungeon.
             The game lasted 00:29:31 (1385 turns).

NomeN the Insei (Draconian Transmuter)              Turns: 1385, Time: 00:29:32

Health: -1/35      AC:  5    Str: 12    XL:     4   Next: 70%
Magic:  8/8        EV: 12    Int: 15    God:
Gold:   61         SH:  0    Dex: 12    Spells: 7/8 levels left

rFire   . . .        e - +0 dagger
rCold   . . .        (no shield)
rNeg    . . .        (body armour unavailable)
rPois   .            (helmet currently unavailable)
rElec   .            (no cloak)
rCorr   .            (no gloves)
SInv    .            (boots currently unavailable)
Will    .....        (no amulet)
Stlth   +            (no ring)
HPRegen 0.25/turn    (no ring)
MPRegen 0.11/turn

%: no passive effects
@: appendages
A: horns 2, talons 2, AC +5, unfitting armour, cold-blooded
a: End Transformation


You were on level 3 of the Dungeon.
You had temporarily grown beastly horns and talons.
You visited 1 branch of the dungeon, and saw 3 of its levels.

You collected 61 gold pieces.

Inventory:

Hand Weapons
 b - a +0 club
 e - a +0 dagger (weapon)
 p - a +0 dagger
Armour
 d - a +0 plate armour
 j - a +0 robe
 k - a +0 pair of gloves
Scrolls
 f - a scroll of amnesia
 g - 3 scrolls of identify
Potions
 a - a potion of lignification
 c - 4 potions of curing {unknown}
 h - a potion of flight {unknown}
 l - a potion of ambrosia {unknown}
 m - a potion of heal wounds {unknown}
 n - 2 potions of cancellation {unknown}


   Skills:
 + Level 1.3 Fighting
 + Level 1.3 Short Blades
 + Level 0.4 Maces & Flails
 + Level 2.3 Dodging
 + Level 0.7 Stealth
 + Level 3.6 Unarmed Combat
 + Level 2.9 Spellcasting
 + Level 2.4 Transmutations


You had 7 spell levels left.
You knew the following spells:

 Your Spells              Type           Power      Damage    Failure   Level
a - Beastly Appendage     Tmut           18%        N/A       8%          1

Your spell library contained the following spells:

 Spells                   Type           Power      Damage    Failure   Level
 Wereblood                Tmut           9%         N/A       11%         2
 Apportation              Tloc           4%         N/A       21%         1
 Necrotise                Necr           8%         1d4       21%         1
 Summon Small Mammal      Summ           8%         N/A       21%         1
 Spider Form              Tmut/Pois      5%         N/A       36%         3
 Ice Form                 Ice/Tmut       5%         N/A       77%         4
 Olgreb's Toxic Radiance  Pois           2%         N/A       90%         4
 Discord                  Hex            1%         N/A       100%        8
 Ignition                 Fire           1%         3d3       100%        8


Dungeon Overview and Level Annotations

Branches:
Dungeon (3/15)

Altars:

Shops:
D:2 :

Annotations:
D:3 Robin


Innate Abilities, Weirdness & Mutations

You have temporarily grown beastly horns and talons.
Your plain brown scales are hard. (AC +5)
You cannot fit into any form of body armour.
You are cold-blooded and may be slowed by cold attacks.


Message History

The bat hits you but does no damage. The bat barely misses you.
The frilled lizard misses you.
A hobgoblin comes into view.
The goblin hits you but does no damage.
The goblin moves out of view.
Things that are here:
a +0 dagger; a goblin corpse You closely miss the frilled lizard.
You claw the frilled lizard, but do no damage.
The bat misses you. Robin throws the goblin at you!
The frilled lizard closely misses you. The goblin hits you with a +0 club.
The goblin barely misses you.
You hit the frilled lizard but do no damage.
You claw the frilled lizard, but do no damage.
The bat misses you.
The frilled lizard bites you but does no damage.
Robin throws the goblin at you! The goblin closely misses you. x2
You hit the frilled lizard.
The frilled lizard is heavily wounded.
The bat misses you.
The goblin unwields a +0 sling.
The goblin wields a +0 dagger.
The goblin hits you with a +0 dagger. The frilled lizard barely misses you.
Robin throws the goblin at you! The goblin hits you with a +0 club.
The goblin closely misses you.
You closely miss the frilled lizard.
The frilled lizard is heavily wounded.
The goblin hits you with a +0 dagger. x2
The frilled lizard closely misses you. The goblin hits you with a +0 club.
* * * LOW HITPOINT WARNING * * *
The goblin barely misses you.
You closely miss the goblin.
Your tail-slap misses the goblin.
The hobgoblin no longer looks unusually strong.
The goblin hits you but does no damage.
You hit the goblin but do no damage. Your kick misses the goblin.
The goblin no longer looks unusually strong. x2
The goblin misses you. The frilled lizard barely misses you.
The goblin hits you with a +0 club.
* * * LOW HITPOINT WARNING * * *
The goblin hits you with a +0 club.
* * * LOW HITPOINT WARNING * * *
The goblin hits you with a +0 dagger.
You die...

###'###...# #.....#...#
#.....##### #.....#
#.....# #
#####)#†#.###### .#
......#.#......# ..#
...##8.8##..gg#g..###
'............bg@lgg....
#....##8.8##..g.#g.....
#......#.#......#......
######.#.#.###### .$...
#.....# ..... #.....#
.... #.....# .### #...
.#


You could see Robin, 2 hobgoblins, 5 goblins, a bat and a frilled lizard.

Vanquished Creatures
  A hound (D:3)
  A gnoll (D:1)
  An adder (D:3)
  2 dart slugs
  5 orcs (D:3)
  4 ball pythons
  3 bats
  4 endoplasms (D:1)
  3 giant cockroaches
  6 goblins (D:3)
  9 hobgoblins
  2 jackals (D:2)
  A quokka (D:1)
  3 frilled lizards
  4 kobolds
  3 rats
52 creatures vanquished.

Notes
Turn   | Place    | Note
-------+----------+-------------------------------------------
     0 | D:1      | NomeN the Draconian Transmuter began the quest for the Orb.
     0 | D:1      | Reached XP level 1. HP: 16/16 MP: 3/3
    30 | D:1      | Reached XP level 2. HP: 20/23 MP: 5/5
   310 | D:1      | Reached XP level 3. HP: 27/28 MP: 6/6
   739 | D:2      | Found Futwias's Book Shop.
  1143 | D:3      | Reached XP level 4. HP: 33/35 MP: 8/8
  1199 | D:3      | Reached skill level 1 in Short Blades
  1320 | D:3      | Identified a scroll of acquirement
  1320 | D:3      | Acquired a book of Cantrips
  1370 | D:3      | Noticed Robin
  1385 | D:3      | Slain by a goblin

Illustrated notes

Levels and vault maps discovered:
D:1:      saegor_arrival_miasma, layout_basic
D:2:      layout_rooms, serial_shops, nicolae_shop_window_shopping
D:3:      layout_basic, kennysheep_minor_cross, uniq_robin

Skill      XL: |  1  2  3  4 |
---------------+-------------+-----
Dodging        | 2 |  2.3
Short Blades   | 1 |  1.3
Fighting       | |  1.3
Maces & Flails | |  0.4
Stealth        | |  0.7
Unarmed Combat | |  3.6
Spellcasting   | |  2.9
Transmutations | |  2.4

Action                     |  1- 3 |  4- 6 || total
---------------------------+-------+-------++-------
  Melee: Unarmed           |    11 |       ||    11
         Punch             |     7 |     1 ||     8
         Dagger            |   127 |    61 ||   188
         Club              |    14 |       ||    14
         Tailslap          |    15 |     8 ||    23
         Kick              |    13 |     4 ||    17
         Headbutt          |     8 |     5 ||    13
   Cast: Beastly Appendage |    11 |     3 ||    14
    Use: Scroll            |     3 |     3 ||     6
 Armour: Skin              |    51 |    22 ||    73
  Dodge: Dodged            |   103 |    53 ||   156
